Panthers vs Devils

Created - March 17, 2016 at 17:50

Goals
1 2 3 T
Panthers 1 2 0 3
Devils 2 1 1 4
Shots
1 2 3 T
Panthers 13 11 4 28
Devils 8 10 3 21

1st period

1. Devils , Drew Stafford 14 (Anton Stralman) at 0:28 (SH)
2. Panthers , Blake Wheeler 21 (Nathan MacKinnon) at 13:21 (PP)
3. Devils , Valtteri Filppula 17 (Anton Stralman) at 14:33 (SH)

Penalties :
James Neal (NJD) for Cross-checking (Minor) at 0:06, Marc Staal (FLA) for Roughing (Minor) at 5:09, Mark Borowiecki (FLA) for Roughing (Minor) at 7:41, Dan Hamhuis (NJD) for Hooking (Minor) at 10:51, Dan Hamhuis (NJD) for Roughing (Minor) at 13:00, Johan Franzen (NJD) for Diving (Minor) at 13:33, Dan Hamhuis (NJD) for Holding (Minor) at 15:36, James Neal (NJD) for Slashing (Minor) at 19:35

2nd period

4. Panthers , Henrik Zetterberg 18 (Pavel Datsyuk, Danny DeKeyser) at 3:22
5. Panthers , Jori Lehtera 18 (Mark Borowiecki, Curtis Glencross) at 5:54
6. Devils , Johan Franzen 14 (Tyler Johnson, James Neal) at 6:30

Penalties :
Pavel Datsyuk (FLA) for Cross-checking (Minor) at 17:36

3rd period

7. Devils , James Neal 21 (Dougie Hamilton, Tyler Johnson) at 9:14

Penalties :
Vladimir Tarasenko (FLA) for High sticking (Double Minor) at 2:37, Blake Wheeler (FLA) for Roughing (Minor) at 12:41, Mark Borowiecki (FLA) for Slashing (Minor) at 19:43

Goalie Stats

Semyon Varlamov (FLA), 17 saves from 21 shots - (0.810), L, 20-20-1, 59:12 minutes
Corey Crawford (NJD), 25 saves from 28 shots - (0.893), W, 33-27-8, 60:00 minutes

Players Stats for Panthers

Player Name              G  A  P  +/- PIM S  H  SB GA TA FO     MP     PP MP  PK MP  
------------------------------------------------------------------------------------
Blake Wheeler            1  0  1  -1  2   4  2  0  0  0  1/1    19:50   5:12   0:00 
Curtis Glencross         0  1  1   1  0   2  0  0  0  0  0/0    10:10   0:00   2:00 
Danny DeKeyser           0  1  1   0  0   1  1  0  0  0  0/0    23:27   4:23   5:36 
Eric Nystrom             0  0  0  -1  0   0  0  0  0  0  0/0     8:23   0:00   6:59 
Henrik Zetterberg        1  0  1  -1  0   4  4  0  0  0  1/3    22:19   5:04   3:55 
Jack Skille              0  0  0  -1  0   0  0  0  0  0  0/0     1:24   0:00   0:00 
Jori Lehtera             1  0  1   1  0   3  0  0  0  0  3/6     8:29   0:00   0:00 
Justin Braun             0  0  0  -3  0   1  2  1  0  0  0/0    24:28   5:53   6:01 
Kyle Quincey             0  0  0   0  0   0  2  2  0  0  0/0    16:22   4:23   1:16 
Marc Staal               0  0  0   1  2   1  4  3  0  0  0/0    19:00   0:00   5:04 
Mark Borowiecki          0  1  1   1  4   0  1  0  0  0  0/0    11:34   0:00   0:34 
Marko Dano               0  0  0   1  0   0  1  0  0  0  2/2     8:10   0:00   0:00 
Nathan MacKinnon         0  1  1  -1  0   1  1  1  0  0  15/29  19:44   5:12   0:12 
Patrick Kane             0  0  0  -1  0   3  0  0  0  0  1/3    19:51   5:12   0:00 
Pavel Datsyuk            0  1  1  -1  2   4  2  0  0  0  15/31  22:56   5:04   4:33 
Riley Nash               0  0  0  -1  0   0  0  0  0  0  5/12    8:07   0:00   6:43 
T.J. Brodie              0  0  0  -3  0   1  0  0  0  0  0/0    25:06   5:53   5:51 
Vladimir Tarasenko       0  0  0  -1  4   3  0  0  0  0  0/1    18:23   5:04   0:00 

Players Stats for Devils

Player Name              G  A  P  +/- PIM S  H  SB GA TA FO     MP     PP MP  PK MP  
------------------------------------------------------------------------------------
Anton Stralman           0  2  2   2  0   0  0  2  0  0  0/0    25:23   5:30   5:16 
Brandon Sutter           0  0  0  -1  0   2  0  1  0  0  15/23  15:13   1:28   4:59 
Chris Terry              0  0  0   0  0   0  0  0  0  0  0/0     5:45   0:55   0:00 
Dan Hamhuis              0  0  0   0  6   0  0  1  0  0  0/0    17:42   5:04   0:00 
Darren Helm              0  0  0  -1  0   0  1  0  0  0  0/0     8:43   0:00   0:00 
Derek Roy                0  0  0   0  0   0  0  0  0  0  3/5     4:50   0:00   0:00 
Dougie Hamilton          0  1  1   0  0   0  0  1  0  0  0/0    19:18   6:34   0:00 
Drew Stafford            1  0  1   1  0   2  0  0  0  0  2/5    22:56   6:19   5:17 
James Neal               1  1  2   2  4   5  3  0  0  0  1/1    17:32   4:57   0:00 
Johan Franzen            1  0  1   2  2   1  1  0  0  0  0/0    17:00   4:24   0:00 
Justin Schultz           0  0  0   2  0   0  0  0  0  0  0/0    17:08   1:37   5:16 
Michal Rozsival          0  0  0   0  0   0  0  0  0  0  0/0     1:44   1:28   0:00 
Mikko Koivu              0  0  0  -1  0   4  1  0  0  0  8/21   17:42   6:19   0:00 
Nick Schultz             0  0  0   0  0   0  1  1  0  0  0/0    14:59   0:00   5:00 
Tommy Wingels            0  0  0  -1  0   1  1  0  0  0  1/2    19:27   0:55   4:59 
Trevor Daley             0  0  0   0  0   0  1  1  0  0  0/0    23:43   4:09   5:00 
Tyler Johnson            0  2  2   2  0   3  1  1  0  0  13/24  17:34   4:57   0:00 
Valtteri Filppula        1  0  1   1  0   3  0  0  0  0  2/7    22:59   6:19   5:17 

3 Stars

1 - Tyler Johnson (NJD)
2 - Anton Stralman (NJD)
3 - James Neal (NJD)

Power Play

Panthers - 1 on 6 Attempt(s) - 16.67%
Devils - 0 on 7 Attempt(s) - 0.00%

Penalty Kill

Panthers - 7 on 7 Attempt(s) - 100.00% - Score 0 goal in Penalty Kill
Devils - 5 on 6 Attempt(s) - 83.33% - Score 2 goal in Penalty Kill

Team Stat

Panthers - Hits : 20 - Faceoff Wins : 43 - Blocked Shots : 7 - Penalty Minutes : 14
Devils - Hits : 10 - Faceoff Wins : 45 - Blocked Shots : 8 - Penalty Minutes : 12

Official

Referees : Dave Jackson and Gord Dwyer
Linesman : Michel Cormier and Jean Morin

Game Notes

No Game Note

Finance

Level 1 -- Attendance: 2306 (38.43%) -- Ticket Income $518,850
Level 2 -- Attendance: 1990 (39.80%) -- Ticket Income $348,250
Level 3 -- Attendance: 1020 (51.00%) -- Ticket Income $153,000
Level 4 -- Attendance: 753 (20.77%) -- Ticket Income $94,125
Luxury Box -- Attendance: 441 (44.10%) -- Ticket Income $165,375
Game was played at the Prudential Center.
Total Attendance: 6510 (36.94%)
Total Ticket Income: $1,279,600
Other Income: $191,940
Total Income: $1,471,540

% Time on Ice - Panthers

Lines # - Real PCT - Wanted PCT - Time Play
Normal Forward
1 - 38% - 37% - 14:20
2 - 36% - 35% - 13:20
3 - 22% - 22% - 8:10
4 - 4% - 6% - 1:24
Normal Defense
1 - 34% - 41% - 12:34
2 - 35% - 39% - 13:09
3 - 29% - 20% - 10:43
4 - 2% - 0% - 0:48
PP Forward
1 - 51% - 50% - 5:12
2 - 49% - 50% - 5:04
PP Defense
1 - 57% - 55% - 5:53
2 - 43% - 45% - 4:23
PK Forward
1 - 70% - 60% - 8:31
2 - 30% - 40% - 3:40
PK Defense
1 - 53% - 60% - 6:25
2 - 47% - 40% - 5:46
PK3 Forward
1 - 0% - 60%
2 - 0% - 40%
PK3 Defense
1 - 0% - 60%
2 - 0% - 40%
44 Forward
1 - 0% - 60%
2 - 0% - 40%
44 Defense
1 - 0% - 60%
2 - 0% - 40%
Last Minute Offensive  - 0:19
Last Minute Defensive  - 0:00
Total
Forward - 60:00
Defense - 60:00

% Time on Ice - Devils

Lines # - Real PCT - Wanted PCT - Time Play
Normal Forward
1 - 34% - 30% - 12:37
2 - 30% - 30% - 11:20
3 - 23% - 24% - 8:43
4 - 13% - 16% - 4:50
Normal Defense
1 - 39% - 40% - 14:34
2 - 34% - 40% - 12:41
3 - 27% - 20% - 9:59
4 - 1% - 0% - 0:16
PP Forward
1 - 41% - 50% - 4:57
2 - 59% - 50% - 7:14
PP Defense
1 - 58% - 60% - 7:07
2 - 42% - 40% - 5:04
PK Forward
1 - 49% - 50% - 4:59
2 - 51% - 50% - 5:17
PK Defense
1 - 49% - 50% - 5:00
2 - 51% - 50% - 5:16
PK3 Forward
1 - 0% - 50%
2 - 0% - 50%
PK3 Defense
1 - 0% - 60%
2 - 0% - 40%
44 Forward
1 - 0% - 50%
2 - 0% - 50%
44 Defense
1 - 0% - 60%
2 - 0% - 40%
Last Minute Offensive  - 0:00
Last Minute Defensive  - 0:03
Total
Forward - 60:00
Defense - 60:00

Play by Play

1st period


0:01 of 1st period - Nathan MacKinnon wins face-off versus Tyler Johnson in neutral zone.
0:01 of 1st period - Justin Braun is hit by James Neal.
0:05 of 1st period - T.J. Brodie is hit by Tyler Johnson.
0:06 of 1st period - Minor Penalty to James Neal for Cross-checking.
0:07 of 1st period - Nathan MacKinnon wins face-off versus Brandon Sutter in Devils zone.
0:10 of 1st period - Shot by Patrick Kane.
0:10 of 1st period - Shot Misses the Net.
0:22 of 1st period - Shot by Patrick Kane.
0:22 of 1st period - Shot Misses the Net.
0:28 of 1st period - Shot by Drew Stafford.
0:28 of 1st period - Goal by Drew Stafford - Panthers : 0 - Devils : 1.
0:29 of 1st period - Brandon Sutter wins face-off versus Pavel Datsyuk in neutral zone.
0:35 of 1st period - Icing by Pavel Datsyuk.
0:36 of 1st period - Pavel Datsyuk wins face-off versus Valtteri Filppula in Panthers zone.
1:11 of 1st period - Tommy Wingels is hit by Henrik Zetterberg and loses puck.
1:18 of 1st period - Shot by Henrik Zetterberg.
1:18 of 1st period - Deflect By Pavel Datsyuk.
1:18 of 1st period - Stopped by Corey Crawford without a rebound.
1:19 of 1st period - Brandon Sutter wins face-off versus Patrick Kane in Devils zone.
1:56 of 1st period - Shot by Patrick Kane.
1:56 of 1st period - Stopped by Corey Crawford with a rebound.
1:58 of 1st period - Shot by Justin Braun.
1:58 of 1st period - Shot Misses the Net.
2:26 of 1st period - Shot by Curtis Glencross.
2:26 of 1st period - Shot Misses the Net.
2:45 of 1st period - Icing by Dougie Hamilton.
2:46 of 1st period - Tyler Johnson wins face-off versus Pavel Datsyuk in Devils zone.
2:48 of 1st period - Dan Hamhuis is hit by Henrik Zetterberg and loses puck.
2:58 of 1st period - Dan Hamhuis is hit by Kyle Quincey and loses puck.
3:12 of 1st period - Off-side.
3:13 of 1st period - Mikko Koivu wins face-off versus Nathan MacKinnon in neutral zone.
3:44 of 1st period - Shot by Patrick Kane.
3:44 of 1st period - Stopped by Corey Crawford without a rebound.
3:45 of 1st period - Brandon Sutter wins face-off versus Pavel Datsyuk in Devils zone.
3:45 of 1st period - Brandon Sutter is hit by Pavel Datsyuk.
3:55 of 1st period - Icing by Henrik Zetterberg.
3:56 of 1st period - Pavel Datsyuk wins face-off versus Derek Roy in Panthers zone.
4:17 of 1st period - Chris Terry is hit by Marc Staal and loses puck.
5:09 of 1st period - Minor Penalty to Marc Staal for Roughing.
5:10 of 1st period - Riley Nash wins face-off versus Tyler Johnson in Panthers zone.
6:24 of 1st period - Shot by Mikko Koivu.
6:24 of 1st period - Stopped by Semyon Varlamov with a rebound.
7:16 of 1st period - Shot by Nathan MacKinnon.
7:16 of 1st period - Stopped by Corey Crawford with a rebound.
7:41 of 1st period - Minor Penalty to Mark Borowiecki for Roughing.
7:42 of 1st period - Mikko Koivu wins face-off versus Henrik Zetterberg in Panthers zone.
7:54 of 1st period - Icing by Mikko Koivu.
7:55 of 1st period - Pavel Datsyuk wins face-off versus Mikko Koivu in Devils zone.
8:49 of 1st period - Shot by Dan Hamhuis.
8:49 of 1st period - Shot Blocked by Marc Staal.
8:51 of 1st period - Shot by James Neal.
8:51 of 1st period - Shot Blocked by Marc Staal.
8:57 of 1st period - Shot by Tyler Johnson.
8:57 of 1st period - Shot Misses the Net.
8:59 of 1st period - Shot by James Neal.
8:59 of 1st period - Stopped by Semyon Varlamov without a rebound.
9:00 of 1st period - Mikko Koivu wins face-off versus Riley Nash in Panthers zone.
9:01 of 1st period - Shot by Valtteri Filppula.
9:01 of 1st period - Stopped by Semyon Varlamov without a rebound.
9:02 of 1st period - Tyler Johnson wins face-off versus Riley Nash in Panthers zone.
9:11 of 1st period - Shot by James Neal.
9:11 of 1st period - Stopped by Semyon Varlamov without a rebound.
9:12 of 1st period - Mikko Koivu wins face-off versus Riley Nash in Panthers zone.
10:14 of 1st period - Icing by Mark Borowiecki.
10:15 of 1st period - Tyler Johnson wins face-off versus Nathan MacKinnon in Panthers zone.
10:25 of 1st period - Icing by Anton Stralman.
10:26 of 1st period - Marko Dano wins face-off versus Tyler Johnson in Devils zone.
10:33 of 1st period - Shot by Jori Lehtera.
10:33 of 1st period - Stopped by Corey Crawford without a rebound.
10:34 of 1st period - Pavel Datsyuk wins face-off versus Drew Stafford in Devils zone.
10:39 of 1st period - Shot by Vladimir Tarasenko.
10:39 of 1st period - Stopped by Corey Crawford without a rebound.
10:40 of 1st period - Mikko Koivu wins face-off versus Nathan MacKinnon in Devils zone.
10:47 of 1st period - Shot by Mikko Koivu.
10:47 of 1st period - Stopped by Semyon Varlamov without a rebound.
10:48 of 1st period - Nathan MacKinnon wins face-off versus Mikko Koivu in Panthers zone.
10:48 of 1st period - Blake Wheeler is hit by Mikko Koivu.
10:51 of 1st period - Minor Penalty to Dan Hamhuis for Hooking.
10:52 of 1st period - Pavel Datsyuk wins face-off versus Brandon Sutter in Devils zone.
11:19 of 1st period - Shot by Pavel Datsyuk.
11:19 of 1st period - Shot Misses the Net.
11:21 of 1st period - Shot by T.J. Brodie.
11:21 of 1st period - Stopped by Corey Crawford without a rebound.
11:22 of 1st period - Valtteri Filppula wins face-off versus Nathan MacKinnon in Devils zone.
11:53 of 1st period - Shot by Blake Wheeler.
11:53 of 1st period - Shot Misses the Net.
11:55 of 1st period - Shot by Blake Wheeler.
11:55 of 1st period - Stopped by Corey Crawford without a rebound.
11:56 of 1st period - Pavel Datsyuk wins face-off versus Drew Stafford in Devils zone.
12:31 of 1st period - Shot by Pavel Datsyuk.
12:31 of 1st period - Stopped by Corey Crawford with a rebound.
12:33 of 1st period - Shot by T.J. Brodie.
12:33 of 1st period - Deflect By Pavel Datsyuk.
12:33 of 1st period - Shot Misses the Net.
12:41 of 1st period - Shot by Henrik Zetterberg.
12:41 of 1st period - Stopped by Corey Crawford without a rebound.
12:42 of 1st period - Nathan MacKinnon wins face-off versus Valtteri Filppula in Devils zone.
13:00 of 1st period - Minor Penalty to Dan Hamhuis for Roughing.
13:01 of 1st period - Drew Stafford wins face-off versus Nathan MacKinnon in Devils zone.
13:14 of 1st period - Valtteri Filppula is hit by Nathan MacKinnon and loses puck.
13:21 of 1st period - Shot by Blake Wheeler.
13:21 of 1st period - Goal by Blake Wheeler - Panthers : 1 - Devils : 1.
13:22 of 1st period - Tyler Johnson wins face-off versus Pavel Datsyuk in neutral zone.
13:25 of 1st period - T.J. Brodie is hit by Johan Franzen and loses puck.
13:33 of 1st period - Minor Penalty to Johan Franzen for Diving.
13:34 of 1st period - Nathan MacKinnon wins face-off versus Tommy Wingels in Devils zone.
13:58 of 1st period - Icing by T.J. Brodie.
13:59 of 1st period - Nathan MacKinnon wins face-off versus Valtteri Filppula in Panthers zone.
14:15 of 1st period - Off-side.
14:16 of 1st period - Brandon Sutter wins face-off versus Pavel Datsyuk in neutral zone.
14:33 of 1st period - Shot by Valtteri Filppula.
14:33 of 1st period - Goal by Valtteri Filppula - Panthers : 1 - Devils : 2.
14:34 of 1st period - Brandon Sutter wins face-off versus Nathan MacKinnon in neutral zone.
14:48 of 1st period - Off-side.
14:49 of 1st period - Brandon Sutter wins face-off versus Pavel Datsyuk in neutral zone.
14:57 of 1st period - Off-side.
14:58 of 1st period - Brandon Sutter wins face-off versus Pavel Datsyuk in neutral zone.
15:36 of 1st period - Minor Penalty to Dan Hamhuis for Holding.
15:37 of 1st period - Brandon Sutter wins face-off versus Nathan MacKinnon in Devils zone.
16:00 of 1st period - Shot by Danny DeKeyser.
16:00 of 1st period - Stopped by Corey Crawford with a rebound.
16:02 of 1st period - Shot by Danny DeKeyser.
16:02 of 1st period - Shot Blocked by Brandon Sutter.
16:34 of 1st period - Shot by Pavel Datsyuk.
16:34 of 1st period - Stopped by Corey Crawford without a rebound.
16:35 of 1st period - Pavel Datsyuk wins face-off versus Brandon Sutter in Devils zone.
16:50 of 1st period - Shot by Pavel Datsyuk.
16:50 of 1st period - Shot Misses the Net.
19:01 of 1st period - Shot by Drew Stafford.
19:01 of 1st period - Shot Misses the Net.
19:09 of 1st period - Shot by Drew Stafford.
19:09 of 1st period - Shot Misses the Net.
19:11 of 1st period - Shot by Drew Stafford.
19:11 of 1st period - Stopped by Semyon Varlamov without a rebound.
19:12 of 1st period - Brandon Sutter wins face-off versus Nathan MacKinnon in Panthers zone.
19:12 of 1st period - Brandon Sutter is hit by Justin Braun.
19:26 of 1st period - Icing by Justin Braun.
19:27 of 1st period - Tyler Johnson wins face-off versus Nathan MacKinnon in Panthers zone.
19:35 of 1st period - Minor Penalty to James Neal for Slashing.
19:36 of 1st period - Brandon Sutter wins face-off versus Pavel Datsyuk in Devils zone.
Goals for this period are 1 for Panthers vs 2 for Devils.
Shots for this period are 13 for Panthers vs 8 for Devils.

2nd period


0:01 of 2nd period - Nathan MacKinnon wins face-off versus Valtteri Filppula in neutral zone.
0:10 of 2nd period - Shot by Danny DeKeyser.
0:10 of 2nd period - Deflect By Patrick Kane.
0:10 of 2nd period - Shot Misses the Net.
0:12 of 2nd period - Shot by Kyle Quincey.
0:12 of 2nd period - Shot Misses the Net.
0:27 of 2nd period - Icing by Kyle Quincey.
0:28 of 2nd period - Nathan MacKinnon wins face-off versus Brandon Sutter in Panthers zone.
0:33 of 2nd period - Brandon Sutter is hit by Blake Wheeler and loses puck.
0:44 of 2nd period - Shot by Nathan MacKinnon.
0:44 of 2nd period - Shot Blocked by Nick Schultz.
1:26 of 2nd period - Shot by Pavel Datsyuk.
1:26 of 2nd period - Stopped by Corey Crawford with a rebound.
1:36 of 2nd period - Shot by Pavel Datsyuk.
1:36 of 2nd period - Shot Blocked by Dougie Hamilton.
2:22 of 2nd period - Off-side.
2:23 of 2nd period - Brandon Sutter wins face-off versus Pavel Datsyuk in neutral zone.
2:32 of 2nd period - Shot by Brandon Sutter.
2:32 of 2nd period - Stopped by Semyon Varlamov without a rebound.
2:33 of 2nd period - Nathan MacKinnon wins face-off versus Mikko Koivu in Panthers zone.
2:54 of 2nd period - Shot by Nathan MacKinnon.
2:54 of 2nd period - Shot Blocked by Anton Stralman.
3:12 of 2nd period - Shot by Mikko Koivu.
3:12 of 2nd period - Stopped by Semyon Varlamov without a rebound.
3:13 of 2nd period - Brandon Sutter wins face-off versus Pavel Datsyuk in Panthers zone.
3:22 of 2nd period - Shot by Henrik Zetterberg.
3:22 of 2nd period - Goal by Henrik Zetterberg - Panthers : 2 - Devils : 2.
3:23 of 2nd period - Tyler Johnson wins face-off versus Henrik Zetterberg in neutral zone.
3:28 of 2nd period - Shot by James Neal.
3:28 of 2nd period - Shot Misses the Net.
3:34 of 2nd period - Shot by Tyler Johnson.
3:34 of 2nd period - Stopped by Semyon Varlamov without a rebound.
3:35 of 2nd period - Valtteri Filppula wins face-off versus Nathan MacKinnon in Panthers zone.
3:35 of 2nd period - Valtteri Filppula is hit by Danny DeKeyser.
3:41 of 2nd period - Shot by Mikko Koivu.
3:41 of 2nd period - Stopped by Semyon Varlamov without a rebound.
3:42 of 2nd period - Henrik Zetterberg wins face-off versus Valtteri Filppula in Panthers zone.
3:56 of 2nd period - Shot by Henrik Zetterberg.
3:56 of 2nd period - Shot Misses the Net.
3:58 of 2nd period - Shot by Justin Braun.
3:58 of 2nd period - Deflect By Pavel Datsyuk.
3:58 of 2nd period - Shot Misses the Net.
4:00 of 2nd period - Shot by Vladimir Tarasenko.
4:00 of 2nd period - Shot Misses the Net.
4:06 of 2nd period - Shot by Henrik Zetterberg.
4:06 of 2nd period - Shot Blocked by Dan Hamhuis.
4:08 of 2nd period - Shot by Vladimir Tarasenko.
4:08 of 2nd period - Shot Misses the Net.
4:10 of 2nd period - Shot by Vladimir Tarasenko.
4:10 of 2nd period - Stopped by Corey Crawford without a rebound.
4:11 of 2nd period - Nathan MacKinnon wins face-off versus Brandon Sutter in Devils zone.
4:12 of 2nd period - Shot by Blake Wheeler.
4:12 of 2nd period - Deflect By Nathan MacKinnon.
4:12 of 2nd period - Shot Misses the Net.
5:42 of 2nd period - Shot by Vladimir Tarasenko.
5:42 of 2nd period - Stopped by Corey Crawford without a rebound.
5:43 of 2nd period - Jori Lehtera wins face-off versus Mikko Koivu in Devils zone.
5:44 of 2nd period - Shot by Marko Dano.
5:44 of 2nd period - Deflect By Curtis Glencross.
5:44 of 2nd period - Shot Misses the Net.
5:52 of 2nd period - Shot by Jori Lehtera.
5:52 of 2nd period - Shot Misses the Net.
5:54 of 2nd period - Shot by Jori Lehtera.
5:54 of 2nd period - Goal by Jori Lehtera - Panthers : 3 - Devils : 2.
5:55 of 2nd period - Tyler Johnson wins face-off versus Riley Nash in neutral zone.
6:30 of 2nd period - Shot by Johan Franzen.
6:30 of 2nd period - Goal by Johan Franzen - Panthers : 3 - Devils : 3.
6:31 of 2nd period - Pavel Datsyuk wins face-off versus Mikko Koivu in neutral zone.
7:06 of 2nd period - Icing by Marc Staal.
7:07 of 2nd period - Tyler Johnson wins face-off versus Pavel Datsyuk in Panthers zone.
7:20 of 2nd period - Shot by James Neal.
7:20 of 2nd period - Stopped by Semyon Varlamov without a rebound.
7:21 of 2nd period - Derek Roy wins face-off versus Nathan MacKinnon in Panthers zone.
7:21 of 2nd period - Tommy Wingels is hit by Justin Braun and loses puck.
7:57 of 2nd period - Blake Wheeler is hit by Trevor Daley and loses puck.
8:06 of 2nd period - Shot by Patrick Kane.
8:06 of 2nd period - Shot Blocked by Anton Stralman.
8:53 of 2nd period - Icing by Dan Hamhuis.
8:54 of 2nd period - Pavel Datsyuk wins face-off versus Mikko Koivu in Devils zone.
8:55 of 2nd period - Shot by Henrik Zetterberg.
8:55 of 2nd period - Deflect By Vladimir Tarasenko.
8:55 of 2nd period - Shot Misses the Net.
9:12 of 2nd period - Off-side.
9:13 of 2nd period - Tyler Johnson wins face-off versus Nathan MacKinnon in neutral zone.
9:40 of 2nd period - Shot by James Neal.
9:40 of 2nd period - Shot Blocked by Justin Braun.
9:42 of 2nd period - Shot by James Neal.
9:42 of 2nd period - Stopped by Semyon Varlamov without a rebound.
9:43 of 2nd period - Pavel Datsyuk wins face-off versus Brandon Sutter in Panthers zone.
9:45 of 2nd period - Icing by Marc Staal.
9:46 of 2nd period - Pavel Datsyuk wins face-off versus Mikko Koivu in Panthers zone.
9:59 of 2nd period - Valtteri Filppula is hit by Henrik Zetterberg and loses puck.
10:30 of 2nd period - Shot by Vladimir Tarasenko.
10:30 of 2nd period - Shot Misses the Net.
10:42 of 2nd period - Shot by Blake Wheeler.
10:42 of 2nd period - Stopped by Corey Crawford without a rebound.
10:43 of 2nd period - Nathan MacKinnon wins face-off versus Tyler Johnson in Devils zone.
11:20 of 2nd period - Shot by Nathan MacKinnon.
11:20 of 2nd period - Deflect By Blake Wheeler.
11:20 of 2nd period - Stopped by Corey Crawford with a rebound.
11:24 of 2nd period - Shot by Patrick Kane.
11:24 of 2nd period - Stopped by Corey Crawford with a rebound.
11:26 of 2nd period - Shot by Justin Braun.
11:26 of 2nd period - Shot Blocked by Tyler Johnson.
11:38 of 2nd period - Shot by Jori Lehtera.
11:38 of 2nd period - Stopped by Corey Crawford without a rebound.
11:39 of 2nd period - Pavel Datsyuk wins face-off versus Brandon Sutter in Devils zone.
12:05 of 2nd period - Off-side.
12:06 of 2nd period - Marko Dano wins face-off versus Mikko Koivu in neutral zone.
12:11 of 2nd period - Shot by Marko Dano.
12:11 of 2nd period - Shot Misses the Net.
12:13 of 2nd period - Shot by Curtis Glencross.
12:13 of 2nd period - Stopped by Corey Crawford without a rebound.
12:14 of 2nd period - Nathan MacKinnon wins face-off versus Mikko Koivu in Devils zone.
13:44 of 2nd period - Darren Helm is hit by Marc Staal and loses puck.
14:07 of 2nd period - Shot by Tommy Wingels.
14:07 of 2nd period - Stopped by Semyon Varlamov without a rebound.
14:08 of 2nd period - Jori Lehtera wins face-off versus Tyler Johnson in Panthers zone.
14:21 of 2nd period - Shot by James Neal.
14:21 of 2nd period - Shot Misses the Net.
14:39 of 2nd period - Shot by Tyler Johnson.
14:39 of 2nd period - Stopped by Semyon Varlamov without a rebound.
14:40 of 2nd period - Derek Roy wins face-off versus Patrick Kane in Panthers zone.
16:12 of 2nd period - Shot by Pavel Datsyuk.
16:12 of 2nd period - Shot Misses the Net.
16:14 of 2nd period - Shot by Henrik Zetterberg.
16:14 of 2nd period - Stopped by Corey Crawford without a rebound.
16:15 of 2nd period - Mikko Koivu wins face-off versus Jori Lehtera in Devils zone.
16:34 of 2nd period - Shot by Drew Stafford.
16:34 of 2nd period - Shot Blocked by Kyle Quincey.
17:36 of 2nd period - Minor Penalty to Pavel Datsyuk for Cross-checking.
17:37 of 2nd period - Riley Nash wins face-off versus Tyler Johnson in Panthers zone.
18:14 of 2nd period - Tyler Johnson is hit by Marc Staal and loses puck.
18:45 of 2nd period - Shot by Valtteri Filppula.
18:45 of 2nd period - Stopped by Semyon Varlamov without a rebound.
18:46 of 2nd period - Mikko Koivu wins face-off versus Riley Nash in Panthers zone.
19:14 of 2nd period - Icing by Dan Hamhuis.
19:15 of 2nd period - Mikko Koivu wins face-off versus Riley Nash in Devils zone.
19:43 of 2nd period - Brandon Sutter is hit by Mark Borowiecki and loses puck.
19:54 of 2nd period - Kyle Quincey is hit by Darren Helm and loses puck.
Goals for this period are 2 for Panthers vs 1 for Devils.
Shots for this period are 11 for Panthers vs 10 for Devils.

3rd period


0:01 of 3rd period - James Neal wins face-off versus Pavel Datsyuk in neutral zone.
0:12 of 3rd period - Shot by James Neal.
0:12 of 3rd period - Shot Misses the Net.
0:19 of 3rd period - Icing by Pavel Datsyuk.
0:20 of 3rd period - Brandon Sutter wins face-off versus Pavel Datsyuk in Panthers zone.
0:28 of 3rd period - Off-side.
0:29 of 3rd period - Nathan MacKinnon wins face-off versus Tyler Johnson in neutral zone.
0:41 of 3rd period - Icing by James Neal.
0:42 of 3rd period - Tyler Johnson wins face-off versus Pavel Datsyuk in Devils zone.
0:42 of 3rd period - Tyler Johnson is hit by Henrik Zetterberg.
1:18 of 3rd period - Shot by Pavel Datsyuk.
1:18 of 3rd period - Shot Misses the Net.
1:39 of 3rd period - Icing by Anton Stralman.
1:40 of 3rd period - Blake Wheeler wins face-off versus Tyler Johnson in Devils zone.
1:55 of 3rd period - Shot by Patrick Kane.
1:55 of 3rd period - Deflect By Nathan MacKinnon.
1:55 of 3rd period - Shot Misses the Net.
1:57 of 3rd period - Shot by Marc Staal.
1:57 of 3rd period - Shot Misses the Net.
2:07 of 3rd period - Danny DeKeyser is hit by James Neal.
2:13 of 3rd period - Icing by Trevor Daley.
2:14 of 3rd period - Tyler Johnson wins face-off versus Jori Lehtera in Devils zone.
2:27 of 3rd period - Shot by Marko Dano.
2:27 of 3rd period - Shot Blocked by Trevor Daley.
2:36 of 3rd period - Icing by James Neal.
2:37 of 3rd period - Tyler Johnson wins face-off versus Pavel Datsyuk in Devils zone.
2:37 of 3rd period - Double Minor Penalty to Vladimir Tarasenko for High sticking.
2:38 of 3rd period - Riley Nash wins face-off versus Drew Stafford in Panthers zone.
3:13 of 3rd period - Shot by Valtteri Filppula.
3:13 of 3rd period - Shot Blocked by Marc Staal.
6:08 of 3rd period - Shot by T.J. Brodie.
6:08 of 3rd period - Shot Misses the Net.
6:10 of 3rd period - Shot by Justin Braun.
6:10 of 3rd period - Stopped by Corey Crawford without a rebound.
6:11 of 3rd period - Pavel Datsyuk wins face-off versus Mikko Koivu in Devils zone.
6:53 of 3rd period - Tommy Wingels is hit by Blake Wheeler.
7:01 of 3rd period - Shot by Derek Roy.
7:01 of 3rd period - Shot Blocked by Kyle Quincey.
7:03 of 3rd period - Shot by Tommy Wingels.
7:03 of 3rd period - Shot Blocked by Nathan MacKinnon.
7:22 of 3rd period - Icing by Mark Borowiecki.
7:23 of 3rd period - Brandon Sutter wins face-off versus Nathan MacKinnon in Panthers zone.
7:57 of 3rd period - Shot by Brandon Sutter.
7:57 of 3rd period - Stopped by Semyon Varlamov without a rebound.
7:58 of 3rd period - Jori Lehtera wins face-off versus Mikko Koivu in Panthers zone.
8:05 of 3rd period - Shot by Curtis Glencross.
8:05 of 3rd period - Stopped by Corey Crawford without a rebound.
8:06 of 3rd period - Pavel Datsyuk wins face-off versus Mikko Koivu in Devils zone.
8:21 of 3rd period - Shot by Valtteri Filppula.
8:21 of 3rd period - Shot Misses the Net.
8:31 of 3rd period - Shot by Valtteri Filppula.
8:31 of 3rd period - Shot Misses the Net.
8:33 of 3rd period - Shot by Drew Stafford.
8:33 of 3rd period - Shot Misses the Net.
9:12 of 3rd period - Shot by James Neal.
9:12 of 3rd period - Deflect By Tyler Johnson.
9:12 of 3rd period - Stopped by Semyon Varlamov with a rebound.
9:14 of 3rd period - Shot by Dougie Hamilton.
9:14 of 3rd period - Deflect By James Neal.
9:14 of 3rd period - Goal by James Neal - Panthers : 3 - Devils : 4.
9:15 of 3rd period - Tommy Wingels wins face-off versus Jori Lehtera in neutral zone.
9:17 of 3rd period - Darren Helm is hit by Marko Dano and loses puck.
9:24 of 3rd period - Shot by Curtis Glencross.
9:24 of 3rd period - Shot Misses the Net.
9:26 of 3rd period - Shot by Danny DeKeyser.
9:26 of 3rd period - Shot Misses the Net.
9:28 of 3rd period - Shot by Marc Staal.
9:28 of 3rd period - Stopped by Corey Crawford with a rebound.
9:48 of 3rd period - Shot by Jori Lehtera.
9:48 of 3rd period - Shot Misses the Net.
10:58 of 3rd period - Blake Wheeler is hit by James Neal and loses puck.
12:10 of 3rd period - Shot by Henrik Zetterberg.
12:10 of 3rd period - Stopped by Corey Crawford without a rebound.
12:11 of 3rd period - Brandon Sutter wins face-off versus Pavel Datsyuk in Devils zone.
12:25 of 3rd period - Mark Borowiecki is hit by Tommy Wingels and loses puck.
12:36 of 3rd period - Icing by Justin Schultz.
12:37 of 3rd period - Nathan MacKinnon wins face-off versus Brandon Sutter in Devils zone.
12:41 of 3rd period - Minor Penalty to Blake Wheeler for Roughing.
12:42 of 3rd period - Tyler Johnson wins face-off versus Riley Nash in Panthers zone.
13:33 of 3rd period - Icing by Dougie Hamilton.
13:34 of 3rd period - Riley Nash wins face-off versus Tyler Johnson in Devils zone.
14:49 of 3rd period - Patrick Kane is hit by Nick Schultz and loses puck.
14:57 of 3rd period - Tommy Wingels is hit by Kyle Quincey and loses puck.
15:55 of 3rd period - Icing by Pavel Datsyuk.
15:56 of 3rd period - Pavel Datsyuk wins face-off versus Tyler Johnson in Panthers zone.
15:58 of 3rd period - Icing by Henrik Zetterberg.
15:59 of 3rd period - Drew Stafford wins face-off versus Vladimir Tarasenko in Panthers zone.
15:59 of 3rd period - Dougie Hamilton is hit by Marc Staal and loses puck.
16:08 of 3rd period - Shot by Pavel Datsyuk.
16:08 of 3rd period - Shot Misses the Net.
17:25 of 3rd period - Off-side.
17:26 of 3rd period - Nathan MacKinnon wins face-off versus Derek Roy in neutral zone.
17:42 of 3rd period - Icing by Kyle Quincey.
17:43 of 3rd period - Patrick Kane wins face-off versus Tyler Johnson in Panthers zone.
17:45 of 3rd period - Icing by Blake Wheeler.
17:46 of 3rd period - Derek Roy wins face-off versus Nathan MacKinnon in Panthers zone.
18:25 of 3rd period - Shot by Nathan MacKinnon.
18:25 of 3rd period - Shot Misses the Net.
18:53 of 3rd period - Johan Franzen is hit by Pavel Datsyuk and loses puck.
18:56 of 3rd period - Panthers, Semyon Varlamov is pulled from the net.
19:32 of 3rd period - Shot by Patrick Kane.
19:32 of 3rd period - Shot Misses the Net.
19:43 of 3rd period - Minor Penalty to Mark Borowiecki for Slashing.
19:44 of 3rd period - Semyon Varlamov from Panthers was sent back in the game.
19:44 of 3rd period - Riley Nash wins face-off versus Mikko Koivu in Panthers zone.
Goals for this period are 0 for Panthers vs 1 for Devils.
Shots for this period are 4 for Panthers vs 3 for Devils.